 Dungeon Crawl Stone Soup version 0.21-a0-509-gecc5317 (webtiles) character file.

95 Gildeon the Slasher (level 4, -2/35 HPs)
             Began as a Human Fighter on Nov 29, 2017.
             Killed from afar by a white imp (11 damage)
             ... with a puff of frost
             ... summoned by Natasha
             ... on level 2 of the Dungeon.
             The game lasted 00:06:04 (1428 turns).

Gildeon the Slasher (Human Fighter)                 Turns: 1428, Time: 00:06:05

Health: -2/35      AC: 10    Str: 16    XL:     4   Next: 95%
Magic:  13/13      EV:  4    Int: 10    God:
Gold:   82         SH:  8    Dex: 12    Spells: 3/3 levels left

rFire    . . .     SeeInvis .   a - +0 long sword
rCold    . . .     Gourm    .   c - +0 shield
rNeg     . . .     Faith    +   e - +1 chain mail
rPois    .         Spirit   .   (no helmet)
rElec    .         Reflect  .   (no cloak)
rCorr    .         Harm     .   (no gloves)
MR       .....                  (no boots)
Stlth    ..........             h - amulet of faith
HPRegen  0.11/turn              n - ring of magical power
MPRegen  0.13/turn              (no ring)

@: no status effects
A: no striking features
a: no special abilities


You were on level 2 of the Dungeon.
You were not hungry.

You visited 1 branch of the dungeon, and saw 2 of its levels.

You collected 82 gold pieces.

Inventory:

Hand Weapons
 a - a +0 long sword (weapon)
Missiles
 i - a throwing net (quivered)
 j - 50 arrows
 k - 29 bolts
 q - 7 poisoned needles
Armour
 b - a +0 scale mail
 c - a +0 shield (worn)
 e - a +1 chain mail (worn)
 m - a +0 ring mail
Jewellery
 h - an amulet of faith (around neck)
 n - a ring of magical power (left hand)
Potions
 d - a potion of might
 l - a potion of flight
 o - a potion of cancellation
Comestibles
 f - 2 bread rations
 g - 2 chunks of flesh
 p - a royal jelly


   Skills:
 - Level 3.0 Fighting
 + Level 4.7 Long Blades
 - Level 3.0 Armour
 - Level 3.0 Shields


You had 3 spell levels left.
You didn't know any spells.

Dungeon Overview and Level Annotations

Branches:
Dungeon (2/15)

Altars:

Annotations:
D:2 Natasha


Message History

The crimson imp hits you but does no damage.
You block Natasha's attack. The crimson imp barely misses you.
You riposte.
You hit the crimson imp.
The crimson imp is heavily wounded.
Your shield and chain mail prevent you from hitting Natasha.
The white imp hits you but does no damage.
Natasha claws you. You block the crimson imp's attack.
You slash Natasha!
Natasha is severely wounded.
The white imp hits you but does no damage.
Natasha claws you.
* * * LOW HITPOINT WARNING * * *
The crimson imp barely misses you.
You hit Natasha.
Natasha is almost dead.
You block the white imp's attack. You block Natasha's attack.
The crimson imp hits you but does no damage.
The white imp gestures at you. The puff of frost hits you!
You die...

..##.#...........## *,*
............####.# *,**
.##.#######.# #.# *,*, .##.# #.#
#.# *,,> ###.# #.# #.#
**********, ###.#
##.####.#####*,,,,,,,,**
....######[..........##.#*****,**
............###5h5......# *,**
.#.)#######.###.@##.###.# *,**
.#..# #.........# *.# ***,**
.#..# #####..##.###.# *,,,**
....###########..##.....# *,****
......................#####*,* *
##.############...........#*,* *
##.# ###....###*,**,**** ...#
##.#.# *,**,,,,, #### #.#.#
*,**,,***


You could see Natasha, a crimson imp and a white imp.

Vanquished Creatures
  Natasha (twice) (D:2)
  An ooze (D:1)
  A worm (D:2)
  A dart slug (D:2)
  2 giant cockroaches (D:1)
  4 hobgoblins
  A quokka (D:2)
  7 bats
  3 frilled lizards
  5 goblins
  4 kobolds (D:2)
  8 rats
39 creatures vanquished.

Notes
Turn   | Place    | Note
-------+----------+-------------------------------------------
     0 | D:1      | Gildeon the Human Fighter began the quest for the Orb.
     0 | D:1      | Reached XP level 1. HP: 18/18 MP: 1/1
   166 | D:1      | Reached XP level 2. HP: 24/24 MP: 2/2
   439 | D:1      | Reached skill level 3 in Long Blades
   562 | D:1      | Reached XP level 3. HP: 28/29 MP: 3/3
   989 | D:2      | Noticed Natasha
  1000 | D:2      | Killed Natasha
  1000 | D:2      | Reached skill level 4 in Long Blades
  1000 | D:2      | Reached XP level 4. HP: 27/35 MP: 4/4
  1078 | D:2      | Noticed Natasha
  1084 | D:2      | Killed Natasha
  1419 | D:2      | Noticed Natasha
  1428 | D:2      | Killed from afar by a white imp

Vault maps used:
D:1:      saegor_arrival_miasma, serial_bayou_lagoon_b
D:2:      uniq_natasha

Skill      XL: |  1  2  3 |
---------------+----------+-----
Long Blades    | 3 4 |  4.7
Fighting       | |  3.0
Armour         | |  3.0
Shields        | |  3.0

Action                   |  1- 3 |  4- 6 || total
-------------------------+-------+-------++-------
Melee: Long sword        |    96 |    36 ||   132
  Use: Scroll            |     3 |     3 ||     6
       Potion            |     1 |       ||     1
  Eat: Chunk             |       |     2 ||     2
Armor: Scale mail        |    28 |       ||    28
       Chain mail        |    29 |    22 ||    51
Dodge: Dodged            |    19 |     8 ||    27
Block: Shield            |    52 |    20 ||    72
       Rpst.: Long sword |     7 |     5 ||    12

Table legend:
 A = Spawn XP
 B = Non-spawn XP
 C = Spawn XP percentage of total XP
 D = Spawn monster count
 E = Non-spawn monster count
 F = Spawn count percentage of total count
 G = Total turns spent on level
                    A         B        C        D         E        F      G
               +---------+---------+-------+---------+---------+-------+---------
         Total |       0 |     136 |   0.0 |       0 |      39 |   0.0 |  1428
               +---------+---------+-------+---------+---------+-------+---------
           D:1 |       0 |      29 |   0.0 |       0 |      17 |   0.0 |   667
           D:2 |       0 |     107 |   0.0 |       0 |      22 |   0.0 |   761
               +---------+---------+-------+---------+---------+-------+---------
